 Dungeon Crawl Stone Soup version 0.31-a0-667-g39726597b9 (webtiles) character file.

Game seed: 9998876737048157407

88 Zonian the Ducker (level 4, -6/38 HPs)
             Began as a Gnoll Gladiator on Sept 4, 2023.
             Mangled by Sigmund
             ... wielding a +0 scythe
              (8 damage)
             ... on level 3 of the Dungeon.
             The game lasted 00:03:50 (1362 turns).

Zonian the Ducker (Gnoll Gladiator)                 Turns: 1362, Time: 00:03:51

Health: -6/38      AC:  7    Str: 17    XL:     4   Next: 54%
Magic:  5/5        EV: 19    Int:  7    God:
Gold:   56         SH:  0    Dex: 15    Spells: 5/5 levels left

rFire   . . .        a - +0 rapier
rCold   . . .        (no shield)
rNeg    . . .        b - +0 leather armour
rPois   .            c - +0 helmet
rElec   .            l - +0 cloak
rCorr   .            g - +1 pair of gloves {Str+3}
SInv    .            (no boots)
Will    .....        (no amulet)
Stlth   ++           h - +5 ring of evasion
HPRegen 0.26/turn    (no ring)
MPRegen 0.09/turn

%: no passive effects
@: no status effects
A: fangs 1, strong nose, distributed training
a: no special abilities


You were on level 3 of the Dungeon.
You visited 1 branch of the dungeon, and saw 3 of its levels.

You collected 56 gold pieces.

Inventory:

Hand Weapons
 a - a +0 rapier (weapon)
 i - a +0 sling
Missiles
 e - a javelin
 j - 2 poisoned darts
Armour
 b - a +0 leather armour (worn)
 c - a +0 helmet (worn)
 g - a +1 pair of gloves of strength (worn)
 l - a +0 cloak (worn)
Jewellery
 h - a +5 ring of evasion (left hand)
Scrolls
 f - a scroll of identify


   Skills:
 + Level 4.6 Fighting
 + Level 6.6 Short Blades
 + Level 1.2 Long Blades
 + Level 1.2 Axes
 + Level 1.2 Maces & Flails
 + Level 1.2 Polearms
 + Level 1.2 Staves
 + Level 1.2 Ranged Weapons
 + Level 4.6 Throwing
 + Level 1.2 Armour
 + Level 6.6 Dodging
 + Level 1.2 Stealth
 + Level 1.2 Shields
 + Level 1.2 Unarmed Combat
 + Level 1.2 Spellcasting
 + Level 1.0 Conjurations
 + Level 1.0 Hexes
 + Level 1.0 Summonings
 + Level 1.0 Necromancy
 + Level 1.0 Translocations
 + Level 1.0 Transmutations
 + Level 1.0 Fire Magic
 + Level 1.0 Ice Magic
 + Level 1.0 Air Magic
 + Level 1.0 Earth Magic
 + Level 1.0 Poison Magic
 + Level 1.3 Invocations
 + Level 1.2 Evocations
 + Level 1.1 Shapeshifting


You had 5 spell levels left.
You didn't know any spells.
Your spell library was empty.

Dungeon Overview and Level Annotations

Branches:
Dungeon (2/15)

Altars:

Annotations:
D:3 Sigmund


Innate Abilities, Weirdness & Mutations

You have very sharp teeth.
Your uncanny sense of smell can sniff out nearby items.
Your experience applies equally to all skills.


Message History

Your butterfly is poisoned.
You kill your butterfly!
Your butterfly disappears in a burst of colours!
Your butterfly is engulfed in poison gas.
Your butterfly is poisoned.
You kill your butterfly!
Your butterfly disappears in a burst of colours!
Your butterfly is engulfed in poison gas.
Your butterfly is poisoned.
You kill your butterfly!
Your butterfly disappears in a burst of colours!
Your butterfly is engulfed in poison gas.
Your butterfly is poisoned.
You kill your butterfly!
Your butterfly disappears in a burst of colours!
Your butterfly is poisoned.
Your butterfly is engulfed in poison gas.
Your butterfly is poisoned.
You kill your butterfly!
Your butterfly disappears in a burst of colours!
Your butterfly looks even sicker.
Your butterfly is engulfed in poison gas.
Your butterfly is poisoned.
You kill your butterfly!
Your butterfly disappears in a burst of colours!
Your butterfly is engulfed in poison gas.
Your butterfly looks even sicker.
You kill your butterfly!
Your butterfly disappears in a burst of colours!
Something misses you.
Unknown command.
You kill your butterfly!
Your butterfly disappears in a burst of colours!
Things that are here:
3 throwing nets; an adder corpse Unknown command.
You barely miss something. You punch something. Something hits you.
* * * LOW HITPOINT WARNING * * *
You barely miss something. Something hits you!
You die...

###############
###############
#####......).##
#####.######.##
#####.######.##
###○○§§.######.############
##..○##§☼######.............
**
#...☼☼○§§§.○################
,* #.###...###@###### * ,**
*,#G#...#G#{######** *
,8****,###...###l######,*****
*
,,,,,,..........§○......,,,,*
*
,8***#....._....☼☼..#.l.,,*,*
* ,**
#.l........b○§....,,,,,*****
,,*
#.###...###☼§#.#...,,,*,,,,,
*,*
*,*G#(..#G#..#.l...,**,****,
*,*
**,*##...###..#*###.**,,,***,


You could see a floating eye and a frilled lizard.

Vanquished Creatures
  5 adders
  A dart slug (D:1)
  2 ball pythons
  4 endoplasms
  5 giant cockroaches
  4 hobgoblins
  7 kobolds
  2 bats (D:2)
  A frilled lizard (D:1)
  6 goblins
  2 rats
39 creatures vanquished.

Notes
Turn   | Place    | Note
-------+----------+-------------------------------------------
     0 | D:1      | Zonian the Gnoll Gladiator began the quest for the Orb.
     0 | D:1      | Reached XP level 1. HP: 20/20 MP: 1/1
   182 | D:1      | Reached XP level 2. HP: 26/26 MP: 2/2
   715 | D:2      | Reached XP level 3. HP: 31/31 MP: 2/4
   788 | D:2      | Reached skill level 1 in Invocations
   909 | D:2      | Reached skill level 1 in Long Blades
   909 | D:2      | Reached skill level 1 in Axes
   909 | D:2      | Reached skill level 1 in Maces & Flails
   909 | D:2      | Reached skill level 1 in Polearms
   909 | D:2      | Reached skill level 1 in Staves
   909 | D:2      | Reached skill level 1 in Ranged Weapons
   909 | D:2      | Reached skill level 1 in Armour
   909 | D:2      | Reached skill level 1 in Stealth
   909 | D:2      | Reached skill level 1 in Shields
   909 | D:2      | Reached skill level 1 in Unarmed Combat
   909 | D:2      | Reached skill level 1 in Spellcasting
   909 | D:2      | Reached skill level 1 in Evocations
   990 | D:2      | Reached XP level 4. HP: 36/38 MP: 5/5
  1024 | D:2      | Reached skill level 1 in Shapeshifting
  1213 | D:2      | You fall into a shaft and drop 1 floor!
  1233 | D:3      | Found a faded altar of an unknown god.
  1233 | D:3      | Noticed a golden eye
  1327 | D:3      | Noticed a floating eye
  1329 | D:3      | Noticed Sigmund
  1330 | D:3      | Noticed a great orb of eyes
  1330 | D:3      | Noticed a golden eye
  1357 | D:3      | Reached skill level 1 in Conjurations
  1357 | D:3      | Reached skill level 1 in Hexes
  1357 | D:3      | Reached skill level 1 in Summonings
  1357 | D:3      | Reached skill level 1 in Necromancy
  1357 | D:3      | Reached skill level 1 in Translocations
  1357 | D:3      | Reached skill level 1 in Transmutations
  1357 | D:3      | Reached skill level 1 in Fire Magic
  1357 | D:3      | Reached skill level 1 in Ice Magic
  1357 | D:3      | Reached skill level 1 in Air Magic
  1357 | D:3      | Reached skill level 1 in Earth Magic
  1357 | D:3      | Reached skill level 1 in Poison Magic
  1361 | D:3      | HP: 1/38 [something (5)]
  1362 | D:3      | Mangled by Sigmund

Illustrated notes

Levels and vault maps discovered:
D:1:      tekkud_arrival_beachfront_property, layout_loops_ring, serial_glass,
          glass_columns_c, glass_columns_b, glass_columns_c, glass_columns_a,
          glass_columns_c, glass_columns_a, glass_columns_a, glass_columns_b,
          glass_columns_a, glass_columns_a, glass_columns_b, glass_columns_c,
          glass_columns_a, glass_columns_a, due_unseen_surprise
D:2:      layout_loops_ring
D:3:      layout_loops_ring, hellmonk_ecumenical_altar_watching_god,
          small_statue_intersection, uniq_sigmund, uniq_ijyb, uniq_robin

Skill      XL: |  1  2  3  4 |
---------------+-------------+-----
Invocations    | 1 |  1.3
Long Blades    | 1 |  1.2
Axes           | 1 |  1.2
Maces & Flails | 1 |  1.2
Polearms       | 1 |  1.2
Staves         | 1 |  1.2
Ranged Weapons | 1 |  1.2
Armour         | 1 |  1.2
Stealth        | 1 |  1.2
Shields        | 1 |  1.2
Unarmed Combat | 1 |  1.2
Spellcasting   | 1 |  1.2
Evocations     | 1 |  1.2
Shapeshifting  | 1 |  1.1
Conjurations   | 1 |  1.0
Hexes          | 1 |  1.0
Summonings     | 1 |  1.0
Necromancy     | 1 |  1.0
Translocations | 1 |  1.0
Transmutations | 1 |  1.0
Fire Magic     | 1 |  1.0
Ice Magic      | 1 |  1.0
Air Magic      | 1 |  1.0
Earth Magic    | 1 |  1.0
Poison Magic   | 1 |  1.0
Fighting       | |  4.6
Short Blades   | |  6.6
Throwing       | |  4.6
Dodging        | |  6.6

Action                     |  1- 3 |  4- 6 || total
---------------------------+-------+-------++-------
  Melee: Rapier            |   111 |    45 ||   156
         Bite              |     6 |     3 ||     9
         Punch             |     2 |     2 ||     4
  Throw: Throwing net      |       |     3 ||     3
    Use: Scroll            |       |     5 ||     5
   Stab: Sleeping          |     1 |     2 ||     3
 Armour: Leather armour    |    23 |    21 ||    44
  Dodge: Dodged            |    87 |    76 ||   163

Table legend: (Time is in decaauts)
 A = Elapsed time spent in this place.
 B = Non-inter-level travel time spent in this place.
 C = Inter-level travel time spent in this place.
 D = Time resting spent in this place.
 E = Time spent auto-exploring this place.
 F = Levels seen in this place.
 G = Mean time per level.
                   A        B        C        D        E       F      G
               +--------+--------+--------+--------+--------+-----+--------+
         Total |   1340 |   1327 |     13 |     80 |    884 |   3 |  446.7 |
       Dungeon |   1340 |   1327 |     13 |     80 |    884 |   3 |  446.7 |
               +--------+--------+--------+--------+--------+-----+--------+

Top non-repeatable levels by time:
     D:1: 663 daAuts
     D:2: 531 daAuts
     D:3: 146 daAuts
